 Dungeon Crawl Stone Soup version 0.17.1-2-g5865329 (webtiles) character file.

123 ololoev the Chopper (level 4, 35/35 HPs)
             Began as a Demonspawn Berserker on Jan 22, 2016.
             Was a Believer of Trog.
             Quit the game on level 3 of the Dungeon.
             The game lasted 00:06:06 (615 turns).

ololoev the Chopper (Demonspawn Berserker)           Turns: 615, Time: 00:06:06

Health: 35/35      AC:  7    Str: 16 (18) XL:     4   Next: 79%
Magic:  4/4        EV: 11    Int: -2 (9)  God:    Trog [**....]
Gold:   20         SH:  0    Dex: 12      Spells: 0 memorised, 3 levels left

rFire  . . .     SeeInvis .     a - +0 hand axe
rCold  . . .     Clarity  .     h - +0 ring mail
rNeg   . . .     SustAt   .     (no shield)
rPois  .         Gourm    .     (no helmet)
rElec  .         Spirit   .     (no cloak)
rCorr  .         Warding  .     (no gloves)
rMut   .         Stasis   .     (no boots)
MR     .....                    (no amulet)
Stlth  +.........               (no ring)
                                (no ring)

@: exhausted, slowed, lost intelligence, very slow, not resistant to hostile
enchantments, very unstealthy
A: yellow scales 1, foul stench 1, rot immunity
a: Berserk, Trog's Hand, Burn Spellbooks, Renounce Religion


Innate Abilities, Weirdness & Mutations

You are partially covered in yellow scales (AC +2).
You may emit foul miasma when damaged in melee.
You are immune to rotting.

Inventory:

Hand Weapons
 a - a +0 hand axe (weapon)
Armour
 h - a +0 ring mail (worn)
Wands
 i - a wand of polymorph (0)
Scrolls
 b - a scroll of amnesia {unknown}
 d - a scroll of fear {unknown}
 e - a scroll of teleportation {unknown}
 g - 5 scrolls of identify {unknown}
 l - a scroll of magic mapping {unknown}
Potions
 j - a potion of cancellation
 k - a potion of curing {unknown}
Comestibles
 c - 2 bread rations
 f - a slice of pizza


   Skills:
 - Level 3.0 Fighting
 * Level 4.3 Axes
 + Level 3.0 Armour
 - Level 1.7 Dodging


You had 3 spell levels left.
You didn't know any spells.


You were on level 3 of the Dungeon.
You worshipped Trog.
Trog was pleased with you.
You were hungry.

You visited 1 branch of the dungeon, and saw 3 of its levels.

You collected 20 gold pieces.

### ..# #.#
#.#
####.#######
#..........#
########
#.##.##.#####.
.......#
#....@..#
######.#
####.........#
#.#
#.#######.#
##.##### #.#
#......# #.#
#..###.# #..
#..# #.# #..##
# #.# ##...#
.#

Notes
Turn   | Place    | Note
--------------------------------------------------------------
     0 | D:1      | ololoev the Demonspawn Berserker began the quest for the Orb.
     0 | D:1      | Reached XP level 1. HP: 18/18 MP: 1/1
   247 | D:1      | Gained mutation: You are partially covered in yellow scales (AC +2). [demonic ancestry]
   247 | D:1      | Reached XP level 2. HP: 21/24 MP: 2/2
   383 | D:2      | Gained mutation: You are immune to rotting. [demonic ancestry]
   383 | D:2      | Reached XP level 3. HP: 29/29 MP: 3/3
   392 | D:2      | Noticed a brain worm
   392 | D:2      | a worm changed into a brain worm
   403 | D:2      | Lost intelligence.
   425 | D:2      | Killed a brain worm
   425 | D:2      | Reached skill level 4 in Axes
   425 | D:2      | Gained mutation: You may emit foul miasma when damaged in melee. [demonic ancestry]
   425 | D:2      | Reached XP level 4. HP: 35/35 MP: 4/4
   590 | D:3      | Reached ** piety under Trog
   615 | D:3      | Quit the game

Dungeon Overview and Level Annotations

Branches:
Dungeon (3/15)

Altars:


Message History

You slash the gnoll!
You kill the gnoll!
Trog accepts your kill.
Your Armour skill increases to level 3!
You hit the jackal.
You kill the jackal!
Trog accepts your kill.
You can now call upon Trog for regeneration and protection from hostile enchantments.
You feel a strong urge to attack something.
You feel your anger subside.
You are no longer berserk.
You are exhausted.
You feel yourself slow down.
You are feeling very hungry.
A jackal comes into view.
You enter a teleport trap!
The teleport trap disappears.
Your surroundings suddenly seem different.
A rat comes into view.
The rat bites you but does no damage.
You barely miss the rat. The rat barely misses you. The rat barely misses you.
You completely miss the rat. The rat misses you.
Your ring mail prevents you from hitting the rat.
The rat bites you but does no damage. The rat barely misses you.
You hit the rat.
You kill the rat!
Trog accepts your kill.
You see here a rat corpse.
You see here a rat corpse.
You butcher the rat corpse.
m - a chunk of flesh Eat a chunk of flesh? (ye/n/q/i?) This raw flesh tastes terrible.
You continue eating. x2
You are feeling hungry.
Are you sure you want to abandon this character and quit the game? (Confirm with "yes".)
Okay, then.
Welcome back, ololoev the Demonspawn Berserker.
Trog says: Kill them all!
Press ? for a list of commands and other information.
Are you sure you want to abandon this character and quit the game? (Confirm with "yes".)

There were no monsters in sight!

Vanquished Creatures
  A brain worm (D:2)
  2 adders
  A gnoll (D:3)
  An ooze (D:1)
  A worm (D:2)
  2 bats
  A giant cockroach (D:1)
  A goblin (D:1)
  2 jackals (D:3)
  6 kobolds
  4 rats
22 creatures vanquished.

Action                   |  1- 3 |  4- 6 || total
-------------------------+-------+-------++-------
Melee: Hand axe          |    54 |    15 ||    69
Invok: Berserk           |     3 |     1 ||     4
Evoke: Wand              |     5 |       ||     5
  Use: Potion            |     2 |       ||     2
  Eat: Chunk             |       |     3 ||     3

Vault maps used:
D:1:      dpeg_arrival_long_road
D:2:      solitary_fountain, serial_bayou_ford_a
D:3:      lemuel_castle_with_subvaults, serial_bayou_lake_a
